[Event "Croatian 1A League 2022"]
[Site "Porec"]
[Date "2022.09.27"]
[Round "4.14"]
[White "Stevic, Hrvoje"]
[Black "Livaic, Leon"]
[Result "1/2-1/2"]
[ECO "A38"]
[WhiteElo "2565"]
[BlackElo "2565"]
[Annotator "TA"]
[PlyCount "26"]
[EventDate "2022.09.24"]
[EventType "team-tourn"]
[EventCountry "CRO"]
[SourceTitle "playchess.com"]
[Source "ChessBase"]
[SourceQuality "1"]
[TimeControl "40/5400+30:1800+30"]

1. c4 c5 2. Nc3 Nc6 3. g3 g6 4. Bg2 Bg7 5. Nf3 Nf6 6. O-O O-O 7. d3 d6 8. a3 a6 9. Rb1 Rb8 10. b4 cxb4 11. axb4 b5 12. cxb5 axb5 {[%emt 0:00:02] [#]} {Predecessor:} 13. Bd2 $146 {A38: Symmetrical English vs ...g6: 4 Bg2 Bg7 5 Nf3 Nf6.} Bd7 {½-½ (13) Brkic,A (2573)-Stevic,H (2569) Schwarzach 2019} 1/2-1/2

[Event "Croatian 1A League 2022"]
[Site "Porec"]
[Date "2022.09.27"]
[Round "4.15"]
[White "Christiansen, Johan-Sebastian"]
[Black "Palac, Mladen"]
[Result "0-1"]
[ECO "B80"]
[WhiteElo "2583"]
[BlackElo "2516"]
[Annotator "TA"]
[PlyCount "142"]
[EventDate "2022.09.24"]
[EventType "team-tourn"]
[EventCountry "CRO"]
[SourceTitle "playchess.com"]
[Source "ChessBase"]
[SourceQuality "1"]
[TimeControl "40/5400+30:1800+30"]

1. e4 c5 2. Nf3 d6 3. d4 cxd4 4. Nxd4 Nf6 5. Nc3 a6 6. Be3 Ng4 7. Bc1 Nf6 8. f3 e6 9. Be3 {[%emt 0:03:23] 9.a3 is more advanced technology.} b5 10. Bd3 Bb7 11. O-O {[%emt 0:02:25] B80: Sicilian Scheveningen: 6 g3 and 6 Be3, including English Attack.} Nbd7 12. a3 Be7 13. Qe2 {[%emt 0:00:42] The position is equal.} O-O 14. Bf2 Qc7 {[%emt 0:05:26] [#]} 15. Rae1 $146 ({Predecessor:} 15. Kh1 Rfd8 16. Rg1 Bf8 17. Rad1 Rac8 18. g4 d5 19. exd5 exd5 20. g5 Nh5 21. Nf5 Nf4 22. Qf1 Nxd3 23. Rxd3 {0-1 (30) Matveev,V-Shimanov,A (2220) Russia 2004}) 15... Nc5 16. Nd1 Rfe8 17. b4 Nxd3 18. cxd3 Rac8 19. Be3 (19. Ne3 Qc3 20. Ndc2 d5 $17) 19... d5 20. Nf2 Bd6 21. g3 Nd7 22. Rc1 Qb8 23. Nb3 e5 24. Bc5 (24. Na5 {is more complex.} Ba8 25. Nb3 Rxc1 26. Rxc1 d4 27. Bd2) 24... Nxc5 25. Nxc5 Bxc5 26. Rxc5 Rxc5 27. bxc5 Qc7 28. Rc1 d4 29. Ng4 Bc6 30. Qd2 f6 31. h4 a5 32. h5 h6 $1 33. Nh2 (33. Nf2 $17) 33... Bd7 ({Black should play} 33... Qf7 $19 34. Rb1 Qxh5) 34. g4 Be6 35. Nf1 Rb8 36. Rb1 {[%emt 0:02:40] Prevents b4.} (36. c6 $17 {is a better defense.}) 36... Kh7 $1 $19 (36... Qxc5 37. Qxa5 Bd7 38. Rd1 $17) 37. Qc2 b4 38. axb4 axb4 (38... Rxb4 39. Nd2 $15) 39. Nd2 {[%emt 0:02:51] Prevents b3.} Rb5 (39... Qc6 $1 $19 {[%cal Ob4b3] ...b3! is the strong threat.} 40. Nb3 Bxb3 41. Qxb3 (41. Rxb3 $2 Rb5 $19) 41... Qxc5) 40. c6 (40. Nb3 $17) 40... Rb6 41. Qa4 (41. Nc4 {keeps fighting.} Qxc6 42. Qb3) 41... Rxc6 (41... Qxc6 42. Qxc6 Rxc6 43. Rxb4) 42. Qxb4 Rc3 {[%emt 0:00:32] Inhibits Nc4.} 43. Qb5 (43. Qf8 {might work better.}) 43... Bd7 (43... Qc8 $142 {[%cal Oe6g4] And now ...Bxg4! would win.} 44. Qb7 Bxg4 $1 45. Qxc8 Bxc8) 44. Qa6 $2 {[%emt 0:01:43] [#]} (44. Qb7 {is a better chance.}) 44... Rc1+ $2 (44... Bxg4 $1 $19 {[%mdl 512] Threatens to win with ...Rc1+.} 45. Nc4 (45. fxg4 $2 Qd7 $19) (45. Nf1 Bxf3) 45... Bc8) 45. Rxc1 $17 Qxc1+ {[%emt 0:00:01][%mdl 4096] Endgame KQB-KQN} 46. Nf1 Qb1 {[%emt 0:00:02] Against Qa2} 47. Kg2 (47. Qc4 $1 $11) 47... Bb5 {[%emt 0:01:51] White is now going downhill.} 48. Qc8 {[%emt 0:00:07] [#]} (48. Qe6 $17) 48... Qa2+ $1 $19 ({And not} 48... Bxd3 49. Qf5+ Kh8 50. Qc8+ Kh7 51. Qf5+ Kh8 52. Qc8+ Kh7 $11) 49. Kh3 Bxd3 50. Ng3 Ba6 51. Qe8 {[%emt 0:02:38] [#]} Qg8 $1 {[%emt 0:04:41] Active counter play!} 52. Qe7 Bc8 53. Qc7 Be6 54. Kg2 Qa8 55. Qd6 Qa2+ 56. Kg1 Qb3 {[%emt 0:01:51] aiming for ...Bxg4.} 57. Kf2 $2 (57. Kg2) 57... Qc2+ ({Avoid the trap} 57... Bc4 $2 58. Qd7 $17) 58. Kg1 {[%emt 0:00:09] [#]} d3 $1 59. Nf1 {[%emt 0:00:26] Prevents d2.} Bg8 {[%emt 0:00:29] Strongly threatening ...Qd1.} 60. g5 fxg5 61. Qb4 Qe2 {[%emt 0:00:28] ( -> ...Bf7)} 62. Nd2 Be6 (62... Bf7 $142 63. Nf1 Qxf3 64. Qd2 Bxh5 65. Qe3 Qxe3+ 66. Nxe3 d2 67. Kh1 Bf3+ 68. Kg1 g4 69. Kh2 d1=Q 70. Nxd1 Bxd1 71. Kg3 Bf3 72. Kh4 Kg6 73. Kg3 h5 74. Kh4 Bxe4 75. Kg3 Kf5 76. Kf2 h4 77. Kf1 g3 78. Ke2 g2 79. Kf2 Kg4 80. Kg1 Kf3 81. Kh2 Kf2 82. Kh3 g1=Q 83. Kxh4 Qg6 84. Kh3 Qh5#) 63. Qd6 Bf7 {[%emt 0:00:13] Black mates.} 64. Qxe5 Bxh5 65. Qa5 Bf7 66. Qf5+ Bg6 67. Qa5 g4 68. fxg4 Qe1+ 69. Kh2 Bxe4 70. Kh3 Qe3+ 71. Kh2 Qf2+ {[%emt 0:00:05] Weighted Error Value: White=0.48/Black=0.15 (very precise)} 0-1

[Event "Croatian 1A League 2022"]
[Site "Porec"]
[Date "2022.09.27"]
[Round "4.16"]
[White "Petkov, Vladimir"]
[Black "Martinovic, Sasa"]
[Result "1/2-1/2"]
[ECO "D13"]
[WhiteElo "2451"]
[BlackElo "2546"]
[Annotator "TA"]
[PlyCount "147"]
[EventDate "2022.09.24"]
[EventType "team-tourn"]
[EventCountry "CRO"]
[SourceTitle "playchess.com"]
[Source "ChessBase"]
[SourceQuality "1"]
[TimeControl "40/5400+30:1800+30"]

1. d4 Nf6 2. Nf3 d5 3. c4 c6 4. cxd5 cxd5 5. Nc3 Nc6 6. Bf4 a6 7. e3 {[%emt 0:01:06] 7.Rc1 injects fresh life into this line.} Bg4 8. Qb3 Bxf3 {[%emt 0:00:22] D13: Slav Defence: Exchange variation without ...Bf5.} 9. gxf3 Na5 10. Qc2 e6 11. Bd3 Bd6 12. Bg3 Rc8 13. O-O O-O {[%emt 0:07:35] [#]} 14. Qe2 $146 ({Predecessor:} 14. Rfc1 Be7 15. Qd1 Nc4 16. Rc2 Qd7 17. Rac1 Nb6 18. Kg2 Nh5 19. Nb1 Rxc2 20. Rxc2 {½-½ (36) Granda Zuniga,J (2616)-Petrosian,T (2636) Benasque 2011}) 14... Re8 15. Rad1 g6 16. e4 (16. Na4 $11 {keeps the balance.}) 16... Nh5 $17 17. Qe3 f5 18. Ne2 {[%emt 0:06:04] Inhibits f4.} Be7 19. Be5 (19. exf5 $15 exf5 20. Be5 (20. Qe6+ Kg7 $17)) 19... Bg5 $1 $19 20. f4 fxe4 21. Bxe4 Nc4 22. Qb3 Nxe5 23. fxg5 Qxg5+ (23... dxe4 24. dxe5 Qxg5+ 25. Ng3) 24. Bg2 Ng4 25. h3 Nh6 26. Qxb7 Nf5 27. f4 Qf6 28. Rd2 (28. Qb3 $142) 28... Ne3 {[%emt 0:01:16] Pair of Knights!} (28... g5 $19 {And now ...Ne3 would win.} 29. Qxa6 Ne3) 29. Rf3 $2 {[%emt 0:01:29] [#]} (29. Rf2 $17 {was the only chance.}) 29... Nc4 (29... Qh4 $1 $19 {is more deadly.} 30. Rf2 (30. Rxe3 Qe1+) 30... Ng3) 30. Rc2 $17 Qf5 ({Better is} 30... Ng7 31. Rf2 Qh4) 31. Rcc3 (31. Rc1 $17) 31... Rb8 $19 32. Qd7 (32. Qc6 $142) 32... Nf6 33. Qc6 Rxb2 34. Ng3 Qb1+ 35. Bf1 Nd2 36. Rfe3 Nxf1 (36... Qxa2 $2 37. Rxe6 Reb8 38. Rxf6 $18) 37. Nxf1 Kf7 (37... Rxa2 38. Rxe6 Qb2 39. Rxe8+ $11) (37... Qd1 $2 38. Rcd3 Qc2 39. Qxc2 Rxc2 40. Rd2 $19) 38. Qd6 (38. Rc1 $2 Qxa2 39. Rf3 Rg2+ 40. Kh1 Rf2 $19) 38... Rb7 {[%emt 0:00:45] ...Ne4 is the strong threat.} (38... Rxa2 $2 39. Rc7+ Kg8 40. Rxe6 $18) 39. Rb3 {[%emt 0:00:23] [#]} Rxb3 $40 {[%emt 0:00:29][%mdl 128] Black is up to no good.} (39... Ne4 $1 $17 40. Qe5 Rxb3 41. Rxb3 Qc2 42. Rb7+ Re7 43. Rxe7+ Kxe7 44. Qg7+ Kd6 45. Qf8+ Kc7 46. Qf7+ Kb6 47. Qxe6+ Qc6) 40. Rxb3 $15 Qc1 {[%emt 0:00:00] White must now prevent ...Re7.} (40... Qxa2 {leads to mate.} 41. Rb7+ Kg8 42. Qc7) 41. Rb7+ Kg8 42. Rc7 Qe1 {[%emt 0:06:01] Threatens to win with ...Ne4.} 43. Qe5 Qxe5 44. fxe5 $17 {[%emt 0:00:07][%mdl 4096] Endgame KRN-KRN} Ne4 45. Nh2 (45. Ra7 $17 {keeps fighting.}) 45... h5 46. Nf3 {[%emt 0:01:08] [#]} (46. Rc6 $17) 46... g5 $1 $19 47. Kg2 Rb8 48. Re7 Rb2+ 49. Kg1 g4 50. hxg4 hxg4 51. Nh2 g3 ({Weaker is} 51... Rxa2 52. Nxg4 Ng5 53. Kf1) 52. Nf1 Rb6 ({Not} 52... Ng5 53. Nxg3 Kf8 54. Ra7) 53. a4 (53. Rc7 {might work better.}) 53... a5 54. Ra7 Rb1 55. Kg2 Rb2+ 56. Kg1 Re2 $2 ({Black should play} 56... Rb4 $19 57. Kg2 Rxd4 58. Nxg3 Rd2+ 59. Kg1 Nxg3 60. Rg7+ Kf8 61. Rg8+ Kf7 62. Rg7+ Ke8 63. Re7+ Kf8 64. Rf7+ Ke8 65. Re7+ Kd8 66. Rd7+ Kc8 67. Rc7+ Kxc7) 57. Nxg3 $1 $11 {[%emt 0:01:29] The position is equal.} Re1+ 58. Kg2 Nxg3 59. Kxg3 {[%emt 0:00:06] Strongly threatening Kg4. KR-KR} Re4 60. Re7 Rxd4 61. Rxe6 Rxa4 62. Rd6 Rd4 63. Rd7 Kf8 64. e6 a4 65. Kf3 Ke8 66. Ke3 Rd1 67. Ke2 Rd4 68. Ke3 Rd1 69. Ke2 Ra1 70. Kd2 a3 71. Kc2 Re1 72. Kb3 Rxe6 73. Rxd5 Ra6 {[%emt 0:00:06] ( -> ...a2)} 74. Ka2 {[%emt 0:00:05] White happily takes the draw.  Weighted Error Value: White=0.31/Black=0.29 (precise)} 1/2-1/2

[Event "Croatian 1A League 2022"]
[Site "Porec"]
[Date "2022.09.27"]
[Round "4.17"]
[White "Rogic, Davor"]
[Black "Zelcic, Robert"]
[Result "1/2-1/2"]
[ECO "B18"]
[WhiteElo "2458"]
[BlackElo "2495"]
[Annotator "TA"]
[PlyCount "64"]
[EventDate "2022.09.24"]
[EventType "team-tourn"]
[EventCountry "CRO"]
[SourceTitle "playchess.com"]
[Source "ChessBase"]
[SourceQuality "1"]
[TimeControl "40/5400+30:1800+30"]

1. e4 c6 2. d4 d5 3. Nd2 dxe4 4. Nxe4 Bf5 5. Ng3 Bg6 6. Nh3 Nf6 $1 {[%emt 0:02:43][%mdl 4] now scores much better than the old 6...e6.} 7. Nf4 Nbd7 {[%emt 0:00:10] B18: Classical Caro-Kann: 4...Bf5 sidelines.} 8. Be2 e6 9. h4 Bd6 {[%emt 0:05:12] [#]} 10. h5 $146 ({Predecessor:} 10. Be3 Qc7 11. Qc1 Bxc2 12. Ngh5 Nxh5 13. Nxh5 Be4 14. O-O O-O-O 15. a4 g6 16. Nf4 {½-½ (30) Beaudoin,S (2156)-Laflamme,S (1955) Charlesbourg 2014}) 10... Bf5 11. Nxf5 exf5 12. Qd3 Ne4 13. Be3 Qc7 14. g3 O-O-O ({Better is} 14... h6 $15) 15. O-O-O $11 Rhe8 16. Kb1 Ndf6 17. Qb3 (17. c4 $11 {keeps the balance.}) 17... Re7 (17... Qb6 $17 {White must now prevent ...Qxb3.} 18. Bf3 Qxb3 19. axb3 Bxf4 20. gxf4 Ng4 21. Bxe4 Rxe4) 18. Bf3 Rde8 19. Rd3 Qa5 20. c4 Bxf4 21. gxf4 Ng4 22. Bxg4 fxg4 23. d5 c5 24. f5 Nd6 25. h6 g6 26. fxg6 fxg6 27. Rg1 Re4 28. Rc3 Qc7 29. Qd1 $1 Nxc4 $2 (29... Nf5 $11) 30. Qc1 $1 $16 Qh2 {[%emt 0:04:56] [#]} 31. Rh1 $1 {[%emt 0:04:39][%mdl 1024] White has strong compensation.} Qg2 32. Rg1 $2 ({Only move:} 32. Bxc5 $18 {Threatens to win with Rd1.} Qxh1 33. Qxh1 Re1+ {[#]} 34. Qxe1 $1 Rxe1+ 35. Kc2) 32... Qh2 {[%emt 0:00:04] Weighted Error Value: White=0.23 (precise) /Black=0.27 (precise)} 1/2-1/2

[Event "Croatian 1A League 2022"]
[Site "Porec"]
[Date "2022.09.27"]
[Round "4.18"]
[White "Jankovic, Alojzije"]
[Black "Cvitan, Ognjen"]
[Result "1/2-1/2"]
[WhiteElo "2548"]
[BlackElo "2445"]
[Annotator "TA"]
[PlyCount "16"]
[EventDate "2022.09.24"]
[EventType "team-tourn"]
[EventCountry "CRO"]
[SourceTitle "playchess.com"]
[Source "ChessBase"]
[SourceQuality "1"]
[TimeControl "40/5400+30:1800+30"]

1. d4 Nf6 2. c4 e6 3. Nf3 d5 4. e3 Be7 5. Bd3 O-O 6. Nbd2 c5 7. dxc5 {[%emt 0:02:22] D30: Queen's Gambit Declined: Systems without Nc3.} Na6 {[%emt 0:01:26] [#]} 8. Qe2 $146 ({Predecessor:} 8. O-O Nxc5 9. Be2 b6 10. b3 Bb7 11. Bb2 Rc8 12. Rc1 h6 13. Ne5 Qd6 14. cxd5 Nxd5 {0-1 (34) Margvelashvili,G (2523)-Karjakin,S (2752) Chess.com INT 2020}) 8... Nxc5 {[%emt 0:00:21] Weighted Error Value: White=0.30/Black=0.10 (very precise)} 1/2-1/2

[Event "Croatian 1A League 2022"]
[Site "Porec"]
[Date "2022.09.27"]
[Round "4.19"]
[White "Shevchenko, Kirill"]
[Black "Kadric, Denis"]
[Result "0-1"]
[ECO "E95"]
[WhiteElo "2645"]
[BlackElo "2561"]
[Annotator "TA"]
[PlyCount "76"]
[EventDate "2022.09.24"]
[EventType "team-tourn"]
[EventCountry "CRO"]
[SourceTitle "playchess.com"]
[Source "ChessBase"]
[SourceQuality "1"]
[TimeControl "40/5400+30:1800+30"]

1. d4 Nf6 2. c4 d6 3. Nf3 g6 4. Nc3 Bg7 5. e4 O-O 6. Be2 e5 7. O-O h6 8. Re1 Nbd7 9. Qc2 {[%emt 0:07:24] E95: King's Indian: Classical: 7...Nbd7 8 Re1.} c6 {[%emt 0:03:19] [#] 9...Re8 is a critical line.} 10. d5 $146 ({Predecessor:} 10. Bf1 Qe7 11. d5 cxd5 12. cxd5 a6 13. Nd2 Nh7 14. Nc4 b5 15. Na5 f5 16. a4 bxa4 17. Rxa4 {½-½ (30) Grigore,G (2526)-Sergeev,V (2452) Cappelle la Grande 1999}) 10... c5 11. Be3 {[%emt 0:01:46] White is better.} Kh8 12. g3 Ng8 13. Nh4 Ndf6 14. Rab1 b6 15. f3 h5 16. Qd2 Nh7 17. Ng2 Bf6 18. Rf1 Ng5 19. f4 Nh7 20. f5 Ne7 21. fxg6 (21. Kh1 $142) 21... fxg6 $16 22. Bh6 Rf7 23. Rf2 (23. a3 $14 {might be stronger.}) 23... Bh3 (23... Ng8 $11 {keeps the balance.}) 24. Nh4 Qg8 25. Be3 Raf8 26. Nb5 $2 (26. Kh1 $14 {keeps the upper hand.}) 26... Bxh4 $19 27. Rxf7 Rxf7 (27... Qxf7 $19 28. gxh4 g5) 28. gxh4 $11 g5 29. Kh1 $2 (29. Bxh5 $11 {and White stays safe.} gxh4+ 30. Kh1) 29... Qg6 $19 30. Qd3 {[%emt 0:00:50] [#]} (30. Nxd6 {keeps fighting.} Qxd6 31. Bxh5) 30... Nf5 $1 31. Bxg5 $2 {[%emt 0:00:43] [#]} ({Wrong is} 31. exf5 $2 Bxf5 32. Nxd6 Bxd3 $19) (31. Bf1 Bg4 32. Be2 (32. exf5 $2 Bxf5 33. Qxf5 Qxf5 $19) 32... Bxe2 33. Qxe2 Nxh4 34. Nc3) (31. Rg1 Nxh4) 31... Nxh4 $1 32. Nxd6 (32. Rg1 Nxg5) 32... Bg2+ 33. Kg1 Nxg5 34. Nxf7+ Qxf7 35. Rf1 Bxf1 36. Bxf1 Nhf3+ 37. Kh1 Qf4 38. Qe2 Nxe4 {[%emt 0:00:20] Weighted Error Value: White=0.82/Black=0.15 (very precise)} 0-1

[Event "Croatian 1A League 2022"]
[Site "Porec"]
[Date "2022.09.27"]
[Round "4.20"]
[White "Saric, Ibro"]
[Black "Erdos, Viktor"]
[Result "1/2-1/2"]
[WhiteElo "2542"]
[BlackElo "2597"]
[Annotator "TA"]
[PlyCount "36"]
[EventDate "2022.09.24"]
[EventType "team-tourn"]
[EventCountry "CRO"]
[SourceTitle "playchess.com"]
[Source "ChessBase"]
[SourceQuality "1"]
[TimeControl "40/5400+30:1800+30"]

1. Nf3 c5 2. g3 Nc6 3. Bg2 Nf6 4. O-O e5 5. e4 Be7 {[%emt 0:01:44] The position is equal.} 6. Re1 {[%emt 0:09:33] B30: Sicilian: 2...Nc6 3 Bb5, lines without ...g6.} O-O 7. c3 d6 8. h3 Be6 {[%emt 0:05:09] [#] Not much happened in this game.  Weighted Error Value: White=0.00 (flawless) /Black=0.04 (flawless)} {Predecessor:} 9. d4 $146 exd4 10. cxd4 cxd4 11. Nxd4 Nxd4 12. Qxd4 d5 13. e5 Ne4 14. Be3 Bc5 15. Qd3 Qb6 16. Bxc5 Qxc5 17. Qe3 Qxe3 18. Rxe3 Nc5 {1-0 (69) Donchenko,A (2659)-Wojtaszek,R (2694) Tornelo INT 2021} 1/2-1/2

[Event "Croatian 1A League 2022"]
[Site "Porec"]
[Date "2022.09.27"]
[Round "4.21"]
[White "Muse, Drazen"]
[Black "Saric, Ante"]
[Result "1/2-1/2"]
[ECO "D05"]
[WhiteElo "2311"]
[BlackElo "2510"]
[Annotator "TA"]
[PlyCount "59"]
[EventDate "2022.09.24"]
[EventType "team-tourn"]
[EventCountry "CRO"]
[SourceTitle "playchess.com"]
[Source "ChessBase"]
[SourceQuality "1"]
[TimeControl "40/5400+30:1800+30"]

1. Nf3 Nf6 2. d4 e6 3. e3 c5 4. Bd3 d5 5. b3 Nc6 6. O-O b6 {[%emt 0:01:16] D05: Colle System with ...e6.} 7. Bb2 Bb7 8. Nbd2 Rc8 $1 {[%emt 0:02:23][%mdl 4] outshines the older 8...Be7.} 9. a3 Bd6 10. Ne5 O-O 11. f4 Ne7 12. Qe2 Ne4 {[%emt 0:05:43] [#]} 13. c3 $146 ({Predecessor:} 13. dxc5 Bxc5 14. b4 {½-½ (14) Sedlak,N (2549)-Perunovic,M (2614) Kragujevac 2015}) 13... Nxd2 (13... Nf5 {seems wilder.} 14. Rac1 Qc7 15. c4 Qe7) 14. Qxd2 {[%emt 0:06:24] The position is equal.} f6 15. Nf3 Qd7 16. Qe2 Nc6 17. b4 c4 18. Bc2 Ne7 19. Rae1 a5 20. g3 Rfe8 21. Ne5 Bxe5 22. fxe5 f5 (22... fxe5 $5 23. bxa5 bxa5 $11) 23. g4 Bc6 24. Rf2 Rf8 25. Ref1 Rf7 26. Qf3 Rcf8 27. Qh3 Ba4 {[%emt 0:01:02] [#] White must now prevent ...Bxc2.} 28. Bb1 Qe8 29. Bc1 g6 30. Qh4 {[%emt 0:01:07] Weighted Error Value: White=0.06 (flawless) /Black=0.06 (flawless)} 1/2-1/2

[Event "Croatian 1A League 2022"]
[Site "Porec"]
[Date "2022.09.27"]
[Round "4.22"]
[White "Plenca, Julijan"]
[Black "Trbojevic, Mladen"]
[Result "1-0"]
[ECO "C45"]
[WhiteElo "2447"]
[BlackElo "2332"]
[Annotator "TA"]
[PlyCount "159"]
[EventDate "2022.09.24"]
[EventType "team-tourn"]
[EventCountry "CRO"]
[SourceTitle "playchess.com"]
[Source "ChessBase"]
[SourceQuality "1"]
[TimeControl "40/5400+30:1800+30"]

1. e4 e5 2. d4 exd4 3. Nf3 Nc6 4. Nxd4 Nf6 5. Nxc6 bxc6 6. e5 Qe7 7. Qe2 Nd5 8. h4 f6 {[%emt 0:02:57] C45: Scotch Game.} 9. c4 Ba6 10. exf6 Nxf6 {[%emt 0:02:28] The position is equal.} 11. Nc3 Qxe2+ (11... O-O-O {keeps more tension.} 12. Be3 d5 13. O-O-O Bxc4 14. Qc2 Bxf1 15. Rhxf1 Qb4) 12. Bxe2 Bb4 13. Bd2 O-O 14. O-O Rae8 {[%emt 0:04:37] ...Bxc3 is the strong threat.} 15. Rfe1 Bc5 {[%emt 0:08:59][%cal Of6d5] [#]} 16. Rad1 $146 ({Predecessor:} 16. Nd1 Ne4 17. Be3 Bb4 18. Rf1 Nd2 19. a3 Ba5 20. b4 Bb6 21. Re1 Bxc4 22. Bxd2 Rxe2 23. Rxe2 Bxe2 {0-1 (37) Shyam,N (2442)-Jacobson,B (2530) Chess.com INT 2021}) 16... Ne4 17. Nxe4 Rxe4 18. Bf3 Rxh4 19. b3 Rd4 20. Ba5 Rxd1 21. Rxd1 Bd6 22. c5 $1 Bxc5 23. Rxd7 Rf7 24. Rd2 {[%emt 0:00:15][%mdl 1024] White has compensation.} Bb6 {[%emt 0:00:51] [#]} (24... Bd6 $11) 25. Bb4 $1 $16 {[%emt 0:00:07] Rd8+ would kill now.} g5 (25... Rf4 $2 26. Rd8+ Kf7 27. Rf8+ Ke6 28. Rxf4 $18) 26. a4 (26. Bxc6 $16 {Black must now prevent Bd5.} Rf5 27. g3) 26... Rf4 $14 27. Rd8+ $1 Kg7 28. Bd2 Rf5 29. Rd7+ Kg8 30. Bc3 Rf7 $2 {[%emt 0:00:15] [#]} (30... g4 $11 31. Bxg4 Rxf2) 31. Rd2 (31. Rd8+ $1 $18 Rf8 32. Rxf8+ Kxf8 33. b4 (33. Bxc6 Bd3 $14)) 31... Bc5 $16 32. Bxc6 Kf8 33. b4 Bd6 34. b5 Bc8 35. Bd4 {[%emt 0:00:07] White is more active.} a6 36. Be3 {[%emt 0:00:22] Strongly threatening b6.} axb5 37. axb5 {[%emt 0:00:05] aiming for b6.} Bd7 ({Black should play} 37... Be7) 38. Bxg5 ({Better is} 38. Bxd7 $16 Rxd7 39. Bxg5) 38... Bxc6 $14 39. bxc6 $16 {[%emt 0:00:07][%mdl 4096] Endgame KRB-KRB} Rf5 40. Be3 {[%emt 0:00:00][%cal Od2d6] Hoping for Rxd6!} Ke7 41. g4 Ra5 42. Kg2 Ra4 43. g5 Ke6 44. Rd1 Kf5 45. Rh1 Kg6 46. Rh6+ Kg7 47. Rf6 Rc4 48. f4 Rxc6 49. Bd4 {[%emt 0:02:00] White threatens Rxd6+ and mate.} Kg8 50. Kf3 Rc4 51. Be3 Be7 52. Re6 Kf7 53. Rh6 Kg8 54. Kg4 Re4 55. Bd2 Bd6 56. Kf5 Rd4 57. Be3 Rd5+ 58. Ke4 Ra5 59. Rf6 Be7 60. Re6 Kf7 61. Rh6 Kg8 62. Bd4 {[%emt 0:00:33] Threatening Be5.} Bxg5 63. fxg5 Rxg5 $11 {[%emt 0:00:03] KRB-KR} 64. Rc6 h5 65. Rxc7 Kf8 66. Bf6 Ra5 67. Be5 Ke8 68. Kf5 Kd8 69. Rh7 Ra6 70. Ke4 Ke8 71. Kd5 Kf8 72. Bd4 Kg8 73. Rb7 Rg6 74. Be5 h4 75. Ke4 Rg1 76. Kf5 {[%emt 0:00:29] Threatening mate with Ke6.} Rf1+ $2 (76... Rc1 $16) 77. Ke6 {[%emt 0:00:06] White mates.} Re1 78. Rg7+ Kf8 79. Rh7 Rg1 80. Rxh4 {[%emt 0:00:17] Weighted Error Value: White=0.08 (flawless) /Black=0.13 (very precise)} 1-0

[Event "Croatian 1A League 2022"]
[Site "Porec"]
[Date "2022.09.27"]
[Round "4.23"]
[White "Krstic, Uros"]
[Black "Plenca, Jadranko"]
[Result "1/2-1/2"]
[ECO "C45"]
[WhiteElo "2323"]
[BlackElo "2412"]
[Annotator "TA"]
[PlyCount "39"]
[EventDate "2022.09.24"]
[EventType "team-tourn"]
[EventCountry "CRO"]
[SourceTitle "playchess.com"]
[Source "ChessBase"]
[SourceQuality "1"]
[TimeControl "40/5400+30:1800+30"]

1. e4 e5 2. Nf3 Nc6 3. d4 exd4 4. Nxd4 Nf6 5. Nxc6 bxc6 6. Nc3 d5 7. exd5 {[%emt 0:04:33] C45: Scotch Game.} cxd5 8. Bb5+ Bd7 9. Bxd7+ Qxd7 10. Bg5 Qe6+ 11. Qe2 (11. Kf1 $5 ) 11... Bb4 {[%emt 0:12:51] The position is equal.} 12. Bxf6 gxf6 13. O-O {[%emt 0:10:16] [#] Black must now prevent Qb5+.} Bxc3 {[%emt 0:00:14] [#] An even fight not without its subleties.  Weighted Error Value: White=0.04 (flawless) /Black=0.03 (flawless)} {Predecessor:} 14. Qb5+ $146 c6 15. Qb7 O-O 16. bxc3 Rfe8 17. Rab1 Rad8 18. Qc7 Rd7 19. Qg3+ Kh8 20. Rb8 {1-0 (47) Limbourg,P (2228)-Weinert,C (1989) SVR 2009} 1/2-1/2